 Dungeon Crawl Stone Soup version 0.23.0 (webtiles) character file.

Game seed: 6061580019061879313

124 iano21 the Vandal (level 5, 0/34 HPs)
             Began as a Halfling Hunter on Feb 9, 2019.
             Killed from afar by Natasha (5 damage)
             ... with a magic dart
             ... on level 3 of the Dungeon.
             The game lasted 00:22:27 (2141 turns).

iano21 the Vandal (Halfling Hunter)                 Turns: 2141, Time: 00:22:28

Health: 0/34       AC:  6    Str: 13    XL:     5   Next: 30%
Magic:  5/5        EV: 12    Int:  9    God:
Gold:   55         SH:  0    Dex: 16    Spells: 4/4 levels left

rFire    . . .     SeeInvis .   a - +1 hunting sling
rCold    . . .     Gourm    .   (shield restricted)
rNeg     . . .     Faith    .   j - +0 scale mail
rPois    .         Spirit   .   (no helmet)
rElec    .         Reflect  .   (no cloak)
rCorr    .         Harm     .   (no gloves)
MR       .....                  (no boots)
Stlth    +.........             (no amulet)
HPRegen  0.11/turn              (no ring)
MPRegen  0.09/turn              (no ring)

@: slowed, very slow
A: small, mutation resistance 1
a: no special abilities


You were on level 3 of the Dungeon.
You were not hungry.

You visited 1 branch of the dungeon, and saw 3 of its levels.

You collected 55 gold pieces.

Inventory:

Hand Weapons
 a - a +1 hunting sling (weapon)
 b - a +0 short sword
 g - a +0 hand axe of electrocution
Missiles
 d - 12 sling bullets (quivered)
 r - 86 stones
 s - 5 javelins
Armour
 j - a +0 scale mail (worn)
 o - a +0 leather armour
Scrolls
 e - a scroll of identify
 k - a scroll of blinking {unknown}
 q - 2 scrolls of remove curse
Potions
 c - a potion of curing {unknown}
 h - 3 potions of flight {unknown}
 i - a potion of invisibility {unknown}
 n - a potion of agility {unknown}
 p - a potion of ambrosia {unknown}
Comestibles
 f - 2 rations


   Skills:
 + Level 2.3 Fighting
 * Level 1.4 Axes
 * Level 7.2 Slings
 + Level 1.3 Armour
 * Level 3.0 Dodging
 + Level 1.6 Stealth


You had 4 spell levels left.
You didn't know any spells.
Your spell library was empty.

Dungeon Overview and Level Annotations

Branches:
Dungeon (3/15)

Altars:

Annotations:
D:3 Natasha


Innate Abilities, Weirdness & Mutations

You are small and have problems with some larger weapons.
You are somewhat resistant to further mutation.


Message History

Firing (i - inventory. (/) - cycle)
d - 13 sling bullets (quivered)
Press: ? - help, Shift-Dir - straight line, f/p - white imp
Aim: a white imp (lightly wounded, summoned)
You shoot a sling bullet. The sling bullet hits the white imp.
The white imp is heavily wounded.
Natasha claws you! The white imp misses you.
Natasha claws you but does no damage. Natasha barely misses you.
The white imp hits you. The white imp freezes you.
* * * LOW HITPOINT WARNING * * *
Natasha mewls in sadness.
Natasha claws you.
* * * LOW HITPOINT WARNING * * *
Natasha closely misses you.
The hobgoblin hits you but does no damage.
Natasha hisses.
The hobgoblin closely misses you. Natasha casts a spell at you.
The magic dart hits you.
You die...

.....# ....# #...#
#...# #(.(# #...#
#.(## #####...#
#..@g#..# #.##h#.g#
#.##.#..# #####
#†##.g..## #...#
#.#####..###.#.#
####..#.....#...#.#
#..)..#.......###.#
#.#.....#..#..#<..#
#.#...#.#.....#####


You could see Natasha and 2 hobgoblins.

Vanquished Creatures
  Jessica (D:3)
  An iguana (D:3)
  An adder (D:2)
  A worm (D:2)
  2 dart slugs
  4 orcs (D:2)
  6 bats
  4 giant cockroaches
  5 goblins
  5 hobgoblins
  4 jackals (D:2)
  5 frilled lizards
  6 kobolds
  9 rats
54 creatures vanquished.

Notes
Turn   | Place    | Note
-------+----------+-------------------------------------------
     0 | D:1      | iano21 the Halfling Hunter began the quest for the Orb.
     0 | D:1      | Reached XP level 1. HP: 14/14 MP: 1/1
   118 | D:1      | Reached XP level 2. HP: 19/19 MP: 2/2
   571 | D:1      | Reached skill level 6 in Slings
   571 | D:1      | Reached XP level 3. HP: 23/24 MP: 3/3
  1210 | D:2      | Reached skill level 1 in Armour
  1210 | D:2      | Reached XP level 4. HP: 29/29 MP: 4/4
  1916 | D:3      | Noticed Jessica
  1918 | D:3      | Killed Jessica
  1918 | D:3      | Reached skill level 7 in Slings
  1918 | D:3      | Reached XP level 5. HP: 34/34 MP: 5/5
  2101 | D:3      | Reached skill level 1 in Axes
  2128 | D:3      | Noticed Natasha
  2141 | D:3      | Killed from afar by Natasha

Skill      XL: |  1  2  3  4  5 |
---------------+----------------+-----
Fighting       | 2 |  2.3
Slings         | 6 7 |  7.2
Armour         | 1 |  1.3
Dodging        | 3 |  3.0
Axes           | 1 |  1.4
Stealth        | |  1.6

Action                   |  1- 3 |  4- 6 || total
-------------------------+-------+-------++-------
Melee: Short sword       |    18 |       ||    18
       Hand axe          |       |     9 ||     9
 Fire: Hunting sling     |    76 |    73 ||   149
  Use: Scroll            |     4 |     2 ||     6
  Eat: Ration            |     1 |       ||     1
Armor: Leather armour    |     7 |       ||     7
       Scale mail        |    16 |    18 ||    34
Dodge: Dodged            |    39 |    33 ||    72
